3L
THUNDER BAY NORTHERN LIONS BC @ PANAMA CITY PIRANHAS
05/02/2019
 
TOP OF THE 1ST
Thunder Bay Northern Lions BC batting - Pitching for Panama City Piranhas : RHP Miguel Meza
Pitching: RHP Miguel Meza
Batting: RHB Steve Brandon 0-0: Called Strike
0-1: Ball
1-1: Ball
2-1: Foul Ball, location: 2F
2-2: Foul Ball, location: 2F
2-2: Ball
3-2: Fly out, F7 (Flyball, 7M)
Batting: LHB Keith Bridges 0-0: SINGLE (Line Drive, 89S)
Batting: SHB Arnold Griffith 0-0: Foul Ball, location: 2F
0-1: Called Strike
0-2: Ball
1-2: Fly out, F2 (Popup, 2RF)
Batting: RHB Dong-joon Ch'oe 0-0: Ball
1-0: Ball
2-0: Called Strike
2-1: Fly out, F7 (Flyball, 8LM)
Top of the 1st over - 0 run(s), 1 hit(s), 0 error(s), 1 left on base; Thunder Bay 0 - Panama City 0
BOTTOM OF THE 1ST
Panama City Piranhas batting - Pitching for Thunder Bay Northern Lions BC : RHP Darryl Gordon
Pitching: RHP Darryl Gordon
Batting: RHB William Hull 0-0: Called Strike
0-1: Fly out, F6 (Popup, 6D)
Batting: LHB Francisco Sánchez 0-0: Ball
1-0: Ball
2-0: Called Strike
2-1: Fly out, F8 (Flyball, 8RD)
Batting: SHB Marc Talamante 0-0: Foul Ball, location: 2F
0-1: Ground out U3 (Groundball, 3)
Bottom of the 1st over - 0 run(s), 0 hit(s), 0 error(s), 0 left on base; Thunder Bay 0 - Panama City 0
TOP OF THE 2ND
Thunder Bay Northern Lions BC batting - Pitching for Panama City Piranhas : RHP Miguel Meza
Batting: RHB Duncan Thomas 0-0: Ball
1-0: Called Strike
1-1: Foul Ball, location: 2F
1-2: Ball
2-2: Reached on Error, E6 (Line Drive, 6)
Batting: RHB Keith Burnett 0-0: Ball
1-0: Fielders Choice at 2nd, 1-6 (Groundball, 13)
Batting: RHB Ramiro Rico 0-0: Ball
1-0: Swinging Strike
1-1: Swinging Strike
1-2: Grounds into double play, 6-4-3 (Groundball, 6)
Top of the 2nd over - 0 run(s), 0 hit(s), 1 error(s), 0 left on base; Thunder Bay 0 - Panama City 0
BOTTOM OF THE 2ND
Panama City Piranhas batting - Pitching for Thunder Bay Northern Lions BC : RHP Darryl Gordon
Batting: RHB Jeff Bass 0-0: Ball
1-0: Ball
2-0: Called Strike
2-1: Foul Ball, location: 2F
2-2: SINGLE (Flyball, 8LS)
Batting: LHB Miguel Martínez 0-0: Ball
1-0: Foul Ball, location: 2F
1-1: Fly out, F7 (Flyball, 7M)
Batting: LHB Arturo Guzmán 0-0: Called Strike
0-1: Called Strike
0-2: Ball
1-2: Strikes out looking
Batting: LHB Steve Grimes 0-0: Called Strike
0-1: Ground out 4-3 (Groundball, 4)
Bottom of the 2nd over - 0 run(s), 1 hit(s), 0 error(s), 1 left on base; Thunder Bay 0 - Panama City 0
TOP OF THE 3RD
Thunder Bay Northern Lions BC batting - Pitching for Panama City Piranhas : RHP Miguel Meza
Batting: LHB Juan Durán 0-0: Ground out 6-3 (Groundball, 6)
Batting: RHB Darryl Gordon 0-0: Called Strike
0-1: SINGLE (Groundball, 34)
Batting: RHB Steve Brandon 0-0: Called Strike
0-1: Foul Ball, location: 2F
0-2: Ball
1-2: Ball
2-2: Fly out, F9 (Flyball, 9LS)
Batting: LHB Keith Bridges 0-0: SINGLE (Line Drive, 56D)
Darryl Gordon to second
Batting: SHB Arnold Griffith 0-0: Ball
1-0: Foul Ball, location: 2F
1-1: Called Strike
1-2: Ball
2-2: Ball
3-2: Ground out 1-3 (Groundball, 15)
Top of the 3rd over - 0 run(s), 2 hit(s), 0 error(s), 2 left on base; Thunder Bay 0 - Panama City 0
BOTTOM OF THE 3RD
Panama City Piranhas batting - Pitching for Thunder Bay Northern Lions BC : RHP Darryl Gordon
Batting: RHB Joel Lee 0-0: Called Strike
0-1: Ball
1-1: Foul Ball, location: 2F
1-2: Ground out 6-3 (Groundball, 6)
Batting: RHB Miguel Meza 0-0: Ball
1-0: Fly out, F8 (Flyball, 8LM)
Batting: RHB William Hull 0-0: Called Strike
0-1: Ball
1-1: Fly out, F8 (Flyball, 8LM)
Bottom of the 3rd over - 0 run(s), 0 hit(s), 0 error(s), 0 left on base; Thunder Bay 0 - Panama City 0
TOP OF THE 4TH
Thunder Bay Northern Lions BC batting - Pitching for Panama City Piranhas : RHP Miguel Meza
Batting: RHB Dong-joon Ch'oe 0-0: Ball
1-0: SINGLE (Line Drive, 6D)
Batting: RHB Duncan Thomas 0-0: SINGLE (Line Drive, 7LS)
Dong-joon Ch'oe to second
Batting: RHB Keith Burnett 0-0: Called Strike
0-1: Called Strike
0-2: Ball
1-2: TRIPLE (Flyball, 8LXD)
Dong-joon Ch'oe scores
Duncan Thomas scores
Batting: RHB Ramiro Rico 0-0: SINGLE (Groundball, 6MD)
Keith Burnett scores
Batting: LHB Juan Durán 0-0: Ball
1-0: Foul Ball, location: 2F
1-1: Ball
2-1: Ball
3-1: Fly out, F2 (Popup, 2LF)
Batting: RHB Darryl Gordon 0-0: Sac Bunt - play at first, batter OUT! 1-4
Ramiro Rico to second
Batting: RHB Steve Brandon 0-0: Swinging Strike
0-1: Fly out, F7 (Flyball, 7D)
Top of the 4th over - 3 run(s), 4 hit(s), 0 error(s), 1 left on base; Thunder Bay 3 - Panama City 0
BOTTOM OF THE 4TH
Panama City Piranhas batting - Pitching for Thunder Bay Northern Lions BC : RHP Darryl Gordon
Batting: LHB Francisco Sánchez 0-0: Ball
1-0: Called Strike
1-1: Ball
2-1: Foul Ball, location: 2F
2-2: Ball
3-2: Fly out, F8 (Line Drive, 8LM)
Batting: SHB Marc Talamante 0-0: TRIPLE (Line Drive, 9LD)
Batting: RHB Jeff Bass 0-0: Ball
1-0: Foul Ball, location: 2F
1-1: Ball
2-1: Foul Ball, location: 2F
2-2: Foul Ball, location: 2F
2-2: Fly out, F6 (Line Drive, 6M)
Batting: LHB Miguel Martínez 0-0: Ball
1-0: Foul Ball, location: 2F
1-1: Foul Ball, location: 2F
1-2: Foul Ball, location: 2F
1-2: Strikes out swinging
Bottom of the 4th over - 0 run(s), 1 hit(s), 0 error(s), 1 left on base; Thunder Bay 3 - Panama City 0
TOP OF THE 5TH
Thunder Bay Northern Lions BC batting - Pitching for Panama City Piranhas : RHP Miguel Meza
Batting: LHB Keith Bridges 0-0: Ball
1-0: Ball
2-0: Ball
3-0: Base on Balls
Batting: SHB Arnold Griffith 0-0: Ball
1-0: Swinging Strike
1-1: Ball
2-1: Ball
3-1: 2-RUN HOME RUN (Flyball, 89XD), Distance : 406 ft
Pitching: LHP Andy Hayden
Batting: RHB Dong-joon Ch'oe 0-0: Ball
1-0: SINGLE (Groundball, 56D)
Batting: RHB Duncan Thomas 0-0: Ball
1-0: 2-RUN HOME RUN (Line Drive, 7D), Distance : 370 ft
Batting: RHB Keith Burnett 0-0: Called Strike
0-1: Fly out, F7 (Flyball, 7LD)
Batting: RHB Ramiro Rico 0-0: Called Strike
0-1: Ball
1-1: Ball
2-1: Called Strike
2-2: Ball
3-2: SINGLE (Groundball, 6MD)
Batting: LHB Juan Durán 0-0: Swinging Strike
0-1: Foul Ball, location: 2F
0-2: Strikes out looking
Batting: RHB Darryl Gordon 0-0: Called Strike
0-1: Foul Ball, location: 2F
0-2: Ball
1-2: Ball
2-2: Ball
3-2: Strikes out looking
Top of the 5th over - 4 run(s), 4 hit(s), 0 error(s), 1 left on base; Thunder Bay 7 - Panama City 0
BOTTOM OF THE 5TH
Panama City Piranhas batting - Pitching for Thunder Bay Northern Lions BC : RHP Darryl Gordon
Batting: LHB Arturo Guzmán 0-0: Ball
1-0: Called Strike
1-1: Ball
2-1: Foul Ball, location: 2F
2-2: Foul Ball, location: 2F
2-2: Ball
3-2: Strikes out swinging
Batting: LHB Steve Grimes 0-0: Foul Ball, location: 2F
0-1: Ball
1-1: Foul Ball, location: 2F
1-2: Strikes out swinging
Batting: RHB Joel Lee 0-0: Swinging Strike
0-1: Foul Ball, location: 2F
0-2: Foul Ball, location: 2F
0-2: Ball
1-2: Ground out U3 (Groundball, 3L)
Bottom of the 5th over - 0 run(s), 0 hit(s), 0 error(s), 0 left on base; Thunder Bay 7 - Panama City 0
TOP OF THE 6TH
Thunder Bay Northern Lions BC batting - Pitching for Panama City Piranhas : LHP Andy Hayden
Pitching: LHP Albert Lucas
Batting: RHB Steve Brandon 0-0: Swinging Strike
0-1: Swinging Strike
0-2: Ball
1-2: Strikes out swinging
Batting: LHB Keith Bridges 0-0: Called Strike
0-1: Ball
1-1: Ball
2-1: Ball
3-1: Ground out 6-3 (Groundball, 6)
Batting: SHB Arnold Griffith 0-0: Ball
1-0: Foul Ball, location: 2F
1-1: Ball
2-1: Ground out 5-3 (Groundball, 56)
Top of the 6th over - 0 run(s), 0 hit(s), 0 error(s), 0 left on base; Thunder Bay 7 - Panama City 0
BOTTOM OF THE 6TH
Panama City Piranhas batting - Pitching for Thunder Bay Northern Lions BC : RHP Darryl Gordon
Pinch Hitting: RHB Hal Romaine 0-0: Fly out, F8 (Flyball, 8LM)
Batting: RHB William Hull 0-0: Ball
1-0: Ground out 6-3 (Groundball, 6)
Batting: LHB Francisco Sánchez 0-0: Called Strike
0-1: Swinging Strike
0-2: Ball
1-2: Strikes out swinging
Bottom of the 6th over - 0 run(s), 0 hit(s), 0 error(s), 0 left on base; Thunder Bay 7 - Panama City 0
TOP OF THE 7TH
Thunder Bay Northern Lions BC batting - Pitching for Panama City Piranhas : LHP Albert Lucas
Pitching: RHP Lester Craft
Batting: RHB Dong-joon Ch'oe 0-0: Called Strike
0-1: Ground out U3 (Groundball, 3S)
Batting: RHB Duncan Thomas 0-0: Ground out 4-3 (Groundball, 4)
Batting: RHB Keith Burnett 0-0: Called Strike
0-1: Foul Ball, location: 2F
0-2: Ball
1-2: Ground out 1-3 (Groundball, 13S)
Top of the 7th over - 0 run(s), 0 hit(s), 0 error(s), 0 left on base; Thunder Bay 7 - Panama City 0
BOTTOM OF THE 7TH
Panama City Piranhas batting - Pitching for Thunder Bay Northern Lions BC : RHP Darryl Gordon
Now at C: Jason Wise
Now at 3B: Jacob Holt
Batting: SHB Marc Talamante 0-0: Called Strike
0-1: Ball
1-1: Foul Ball, location: 2F
1-2: Ground out 6-3 (Groundball, 6)
Batting: RHB Jeff Bass 0-0: Ball
1-0: Fly out, F8 (Flyball, 8LM)
Batting: LHB Miguel Martínez 0-0: Ground out U3 (Groundball, 3L)
Bottom of the 7th over - 0 run(s), 0 hit(s), 0 error(s), 0 left on base; Thunder Bay 7 - Panama City 0
TOP OF THE 8TH
Thunder Bay Northern Lions BC batting - Pitching for Panama City Piranhas : RHP Lester Craft
Batting: RHB Jason Wise 0-0: Ball
1-0: DOUBLE (Line Drive, 78S)
Batting: LHB Juan Durán 0-0: Foul Ball, location: 2F
0-1: SINGLE (Line Drive, 8LS)
Jason Wise to third
Batting: RHB Darryl Gordon 0-0: Ball
1-0: Sac Bunt - play at first, batter OUT! 3-4
Juan Durán to second
Batting: RHB Jacob Holt 0-0: Ball
1-0: Swinging Strike
1-1: Ball
Wild Pitch!
Jason Wise scores
Juan Durán to third
2-1: Foul Ball, location: 2F
2-2: Foul Ball, location: 2F
2-2: Ball
3-2: 2-RUN HOME RUN (Flyball, 9D), Distance : 385 ft
Pitching: RHP Bob Compton
Batting: LHB Keith Bridges 0-0: Fly out, F3 (Line Drive, 3)
Batting: SHB Arnold Griffith 0-0: Ball
1-0: Foul Ball, location: 2F
1-1: Ball
2-1: Foul Ball, location: 2F
2-2: Ground out U3 (Groundball, 3L)
Top of the 8th over - 3 run(s), 3 hit(s), 0 error(s), 0 left on base; Thunder Bay 10 - Panama City 0
BOTTOM OF THE 8TH
Panama City Piranhas batting - Pitching for Thunder Bay Northern Lions BC : RHP Darryl Gordon
Batting: LHB Arturo Guzmán 0-0: Foul Ball, location: 2F
0-1: Foul Ball, location: 2F
0-2: Foul Ball, location: 2F
0-2: Ball
1-2: Strikes out swinging
Batting: LHB Steve Grimes 0-0: Swinging Strike
0-1: Called Strike
0-2: Foul Ball, location: 2F
0-2: Strikes out looking
Batting: RHB Joel Lee 0-0: Fly out, F7 (Line Drive, 7M)
Bottom of the 8th over - 0 run(s), 0 hit(s), 0 error(s), 0 left on base; Thunder Bay 10 - Panama City 0
TOP OF THE 9TH
Thunder Bay Northern Lions BC batting - Pitching for Panama City Piranhas : RHP Bob Compton
Batting: RHB Dong-joon Ch'oe 0-0: Ball
1-0: Ball
2-0: Called Strike
2-1: Swinging Strike
2-2: Foul Ball, location: 2F
2-2: Foul Ball, location: 2F
2-2: Ball
3-2: Ground out 6-3 (Groundball, 6)
Pinch Hitting: RHB Dale Carney 0-0: Ball
1-0: Ball
2-0: Called Strike
2-1: Foul Ball, location: 2F
2-2: Strikes out swinging
Batting: RHB Keith Burnett 0-0: Ground out U3 (Groundball, 3)
Top of the 9th over - 0 run(s), 0 hit(s), 0 error(s), 0 left on base; Thunder Bay 10 - Panama City 0
BOTTOM OF THE 9TH
Panama City Piranhas batting - Pitching for Thunder Bay Northern Lions BC : RHP Darryl Gordon
Now at 2B: Bill McCarty
Pinch Hitting: RHB Pete Knight 0-0: Called Strike
0-1: Ball
1-1: Ground out 4-3 (Groundball, 4)
Batting: RHB William Hull 0-0: Ball
1-0: Fly out, F6 (Popup, 56D)
Batting: LHB Francisco Sánchez 0-0: Ground out 3-1 (Groundball, 34)
Bottom of the 9th over - 0 run(s), 0 hit(s), 0 error(s), 0 left on base; Thunder Bay 10 - Panama City 0
This league is powered by Out of the Park Baseball, the baseball management simulation game for PC, Mac and Linux
Saturday, July 25th, 2015 - OOTP Baseball 15.6 Build 34